 Dungeon Crawl Stone Soup version 0.17.1-1-g73c8601 (webtiles) character file.

53 JustSomeDude the Insei (level 3, -2/26 HPs)
             Began as an Octopode Monk on Jan 7, 2016.
             Slain by Aokaililo's ghost (13 damage)
             ... on level 3 of the Dungeon.
             The game lasted 00:03:58 (2301 turns).

JustSomeDude the Insei (Octopode Monk)              Turns: 2301, Time: 00:03:58

Health: -2/26      AC:  1    Str: 10    XL:     3   Next: 89%
Magic:  3/3        EV: 13    Int: 17    God:
Gold:   165        SH:  0    Dex: 15    Spells: 0 memorised, 2 levels left

rFire  . . .     SeeInvis .     n - +0 short sword
rCold  . . .     Clarity  .     (no shield)
rNeg   . . .     SustAt   .     (helmet restricted)
rPois  .         Gourm    .     (no amulet)
rElec  .         Spirit   .     (no ring)
rCorr  .         Warding  .     (no ring)
rMut   .         Stasis   .     (no ring)
MR     .....                    (no ring)
Stlth  ++++......               (no ring)
                                (no ring)
                                (no ring)
                                (no ring)

@: brilliant, not resistant to hostile enchantments, stealthy
A: almost no armour, amphibious, 8 rings, constrict 8, camouflage 1, gelatinous
body 1
a: no special abilities


You were on level 3 of the Dungeon.
You were very hungry.

You visited 1 branch of the dungeon, and saw 3 of its levels.

You collected 165 gold pieces.

Inventory:

Hand Weapons
 n - a +0 short sword (weapon)
Scrolls
 b - a scroll of enchant weapon {unknown}
 c - a scroll of random uselessness {unknown}
 e - 3 scrolls of teleportation {unknown}
 f - a scroll of remove curse {unknown}
 g - 3 scrolls of enchant armour
 i - a scroll of amnesia {unknown}
 j - 5 scrolls of identify
 m - 2 scrolls of recharging {unknown}
 p - a scroll of magic mapping {unknown}
 r - a scroll of fear {unknown}
Comestibles
 a - 4 bread rations
 d - a royal jelly
 h - a beef jerky


   Skills:
 + Level 3.3 Fighting
 * Level 0.8 Short Blades
 + Level 3.4 Dodging
 + Level 3.4 Stealth
 - Level 4.4 Unarmed Combat


You had 2 spell levels left.
You didn't know any spells.

Dungeon Overview and Level Annotations

Branches:
Dungeon (3/15)

Altars:
Fedhas

Annotations:
D:3 Aokaililo's ghost, amateur TrMo


Innate Abilities, Weirdness & Mutations

You cannot wear most types of armour.
You are amphibious.
You can wear up to eight rings at the same time.
You can use your tentacles to constrict eight enemies at once.
Your skin changes colour to match your surroundings (Stealth).
Your rubbery body absorbs attacks (AC +1).


Message History

Aokaililo's ghost is lightly damaged.
Aokaililo's ghost barely misses you.
You barely miss Aokaililo's ghost. You tentacle-slap Aokaililo's ghost.
Aokaililo's ghost is lightly damaged.
Aokaililo's ghost hits you.
* * * LOW HITPOINT WARNING * * *
You are too injured to fight recklessly!
Drink which item? (? for menu, Esc to quit)
You feel better. Aokaililo's ghost barely misses you.
You closely miss Aokaililo's ghost.
Aokaililo's ghost is lightly damaged.
Aokaililo's ghost hits you but does no damage.
You hit Aokaililo's ghost but do no damage.
Aokaililo's ghost is lightly damaged.
Aokaililo's ghost closely misses you.
You closely miss Aokaililo's ghost. Your squeeze misses Aokaililo's ghost.
Aokaililo's ghost is lightly damaged.
Aokaililo's ghost hits you!
Ouch! That really hurt!
You die...

########.####.# #..........#
.........# #.# #.......)..#
#####...## #.# #..........# #
#...# #.# #............. #
#...# #.###........W..## ##
#...#####...............#
.####.......................#
.................W..........#
....8...........@?#########.#
...8.8.........#### .#
..8._.8........#
#..8.8.........#
#...8..........#
#.......######## #########


You could see Aokaililo's ghost.

Vanquished Creatures
  An adder (D:2)
  An ooze (D:1)
  An orc (D:3)
  2 giant cockroaches
  2 goblins (D:1)
  3 hobgoblins
  2 jackals (D:2)
  5 bats (D:1)
  3 giant geckos
  3 giant newts
  8 kobolds
  6 rats
37 creatures vanquished.

Notes
Turn   | Place    | Note
--------------------------------------------------------------
     0 | D:1      | JustSomeDude the Octopode Monk began the quest for the Orb.
     0 | D:1      | Reached XP level 1. HP: 16/16 MP: 1/1
   206 | D:1      | Reached XP level 2. HP: 21/21 MP: 2/2
  1049 | D:2      | Reached XP level 3. HP: 26/26 MP: 3/3
  1283 | D:2      | Found a blossoming altar of Fedhas.
  1715 | D:3      | Noticed Aokaililo's ghost (amateur TrMo)
  2173 | D:3      | Found a faded altar to an unknown god.
  2301 | D:3      | Slain by Aokaililo's ghost

Action                   || total
-------------------------++-------
Melee: Unarmed           ||    51
       Short sword       ||    28
  Use: Potion            ||     6
       Scroll            ||     3
 Stab: Sleeping          ||     6
       Distracted        ||     1
  Eat: Chunk             ||     3
